 Dungeon Crawl Stone Soup version 0.31-a0-204-g7da18cac08 (webtiles) character file.

Game seed: 11115485332069765281

21 qw the Shooter (level 2, -2/16 HPs)
             Began as a Deep Elf Hunter on June 27, 2023.
             Slain by a gnoll
             ... wielding a +3 halberd
              (12 damage)
             ... on level 2 of the Dungeon.
             The game lasted 00:00:13 (883 turns).

qw the Shooter (Deep Elf Hunter)                     Turns: 883, Time: 00:00:14

Health: -2/16      AC:  3    Str:  8    XL:     2   Next: 65%
Magic:  4/4        EV: 12    Int: 13    God:
Gold:   157        SH:  0    Dex: 18    Spells: 1/1 levels left

rFire   . . .        Y - +1 shortbow
rCold   . . .        (shield currently unavailable)
rNeg    . . .        c - +0 leather armour
rPois   .            (no helmet)
rElec   .            (no cloak)
rCorr   .            (no gloves)
SInv    .            (no boots)
Will    .....        (no amulet)
Stlth   ++           (no ring)
HPRegen 0.22/turn    (no ring)
MPRegen 0.09/turn

%: no passive effects
@: no status effects
A: no striking features
a: no special abilities


You were on level 2 of the Dungeon.
You visited 1 branch of the dungeon, and saw 2 of its levels.

You collected 157 gold pieces.


   Skills:
 - Level 1.5 Fighting
 + Level 6.4 Ranged Weapons
 - Level 2.4 Dodging
 - Level 1.2 Stealth


You had one spell level left.
You didn't know any spells.
Your spell library was empty.

Inventory:

Hand Weapons
 Y - a +1 shortbow (weapon)
Armour
 c - a +0 leather armour (worn)
Jewellery
 b - a ring of protection from cold
Scrolls
 a - a scroll of teleportation
 h - a scroll of fog {unknown}
Potions
 d - a potion of magic {unknown}
 e - a potion of enlightenment {unknown}
 f - a potion of berserk rage {unknown}
 g - a potion of curing {unknown}

Dungeon Overview and Level Annotations

Branches:
Dungeon (2/15)

Altars:

Shops:
D:2 =


Message History

You shoot an arrow.
The arrow closely misses the ball python.
The goblin shouts!
You shoot an arrow. The arrow hits the goblin!
You kill the goblin!
You shoot an arrow. The arrow hits the ball python.
You kill the ball python!
You see here a ball python corpse.
Things that are here:
a +0 dagger; a goblin corpse
Found an escape hatch in the floor.
Enter note:
There is an escape hatch in the floor here.
You now have 157 gold pieces (gained 14).
There is an escape hatch in the floor here.
A gnoll comes into view. It is wielding a +0 whip.
Found 13 gold pieces.
The gnoll shouts!
You hear a shout!
Enter note: You shoot an arrow.
The arrow hits the gnoll.
The gnoll is lightly wounded.
You shoot an arrow. The arrow completely misses the gnoll.
You shoot an arrow. The arrow barely misses the gnoll.
You shoot an arrow. The arrow hits the gnoll.
The gnoll is moderately wounded.
A gnoll comes into view. It is wielding a +3 halberd.
You shoot an arrow. The arrow barely misses the gnoll.
The gnoll hits you with a +0 whip.
You shoot an arrow. The arrow hits the gnoll.
The gnoll is heavily wounded.
The gnoll closely misses you. The gnoll hits you with a +0 whip.
You shoot an arrow. The arrow hits the gnoll.
The gnoll is severely wounded.
A giant cockroach comes into view.
The gnoll barely misses you.
You shoot an arrow. The arrow hits the gnoll.
You kill the gnoll!
The gnoll hits you from afar with a +3 halberd!
Ouch! That really hurt!
You die...

.)#####.#
#.##.#.##
........#
#.###.##
..#######
#.# ### .##
#.# .###
#.# ...#
#.# .#.#
#.# .#...
#.# .# ###
#@# .#
.....g)...#
.#
#..B....#.#
..
#.#######.#
## #


You could see a gnoll and a giant cockroach.

Vanquished Creatures
  A gnoll (D:2)
  4 ball pythons
  3 endoplasms
  A giant cockroach (D:1)
  3 hobgoblins (D:1)
  A quokka (D:2)
  3 goblins
  3 kobolds
  A rat (D:1)
20 creatures vanquished.

Notes
Turn   | Place    | Note
-------+----------+-------------------------------------------
     0 | D:1      | qw the Deep Elf Hunter began the quest for the Orb.
     0 | D:1      | Reached XP level 1. HP: 12/12 MP: 3/3
     0 | D:1      | 0 ||| qw: Version: 0.3-a-22-g0ed2b0b
     0 | D:1      | 0 ||| qw: Game counter: 6369
     0 | D:1      | 0 ||| qw: Melee chars always use a shield: true
     0 | D:1      | 0 ||| qw: God list: Okawaru
     0 | D:1      | 0 ||| qw: Allow faded altars: false
     0 | D:1      | 0 ||| qw: Do Orc after clearing Dungeon:15 true
     0 | D:1      | 0 ||| qw: Do second Lair branch before Depths: true
     0 | D:1      | 0 ||| qw: Lair rune preference: random
     0 | D:1      | 0 ||| qw: Goals: Normal
     0 | D:1      | 0 ||| PLANNING D:1-11
   339 | D:1      | Reached XP level 2. HP: 16/16 MP: 4/4
   342 | D:1      | Reached skill level 6 in Ranged Weapons
   636 | D:1      | 636 ||| READING 2 scrolls labelled TYRICLAOMI.
   640 | D:1      | 640 ||| READING scroll labelled XUOJEH UFOYMM.
   641 | D:1      | 641 ||| READING scroll labelled XIKAEV HIER WYPH.
   642 | D:1      | 642 ||| READING scroll labelled EGGUIBBUENWO.
   643 | D:1      | 643 ||| DROPPING scroll of butterflies.
   755 | D:2      | Found Radaipir's Jewellery Shop.
   769 | D:2      | 769 ||| SHOPLISTING +6 ring of strength (360 gold, have
                  | 119).
   769 | D:2      | 769 ||| SHOPLISTING amulet "Guddal" {Faith Contam rPois rC+
                  | Int+2} (568 gold, have 119).
   769 | D:2      | 769 ||| SHOPLISTING ring "Qyikeg" {Will+ rCorr} (376 gold,
                  | have 119).
   769 | D:2      | 769 ||| SHOPLISTING ring of fire (250 gold, have 119).
   769 | D:2      | 769 ||| SHOPLISTING ring of poison resistance (200 gold,
                  | have 119).
   883 | D:2      | Slain by a gnoll

Levels and vault maps discovered:
D:1:      amcnicky_arrival_double_pillar, layout_basic
D:2:      layout_loops_ring, serial_shops, nicolae_shop_waterfront, minivault_4

Skill      XL: |  1  2 |
---------------+-------+-----
Ranged Weapons | 6 |  6.4
Fighting       | |  1.5
Dodging        | |  2.4
Stealth        | |  1.2

Action                     || total
---------------------------++-------
   Fire: Shortbow          ||    41
    Use: Scroll            ||     4
 Armour: Leather armour    ||     1
  Dodge: Dodged            ||     3

Table legend:
 A = Non-vault XP
 B = Vault XP
 C = Vault XP percentage of total XP
 D = Non-vault monster count
 E = Vault monster count
 F = Vault count percentage of total count
                 A         B        C        D         E       F
            +---------+---------+-------+---------+---------+-------
      Total |      45 |       0 |   0.0 |      20 |       0 |   0.0
            +---------+---------+-------+---------+---------+-------
        D:1 |      20 |       0 |   0.0 |      12 |       0 |   0.0
        D:2 |      25 |       0 |   0.0 |       8 |       0 |   0.0
            +---------+---------+-------+---------+---------+-------
